 Dungeon Crawl Stone Soup version 0.32-a0-893-gf85d74f360 (webtiles) character file.

Game seed: 10146553511758986125

45 snetch the Chopper (level 3, 0/33 HPs)
             Began as a Minotaur Berserker on Apr 3, 2024.
             Was a Believer of Trog.
             Killed by divine providence
             ... invoked by an orc priest
              (14 damage)
             ... on level 3 of the Dungeon.
             The game lasted 00:02:27 (1001 turns).

snetch the Chopper (Minotaur Berserker)             Turns: 1001, Time: 00:02:28

Health: 0/33       AC:  5    Str: 23    XL:     3   Next: 42%
Magic:  2/2        EV: 10    Int: 10    God:    Trog [**....]
Gold:   143        SH:  0    Dex:  9    Spells: 2/2 levels left

rFire   . . .        m - +1 mace (holy)
rCold   . . .        (no shield)
rNeg    . . .        j - +0 ring mail
rPois   .            (helmet restricted)
rElec   .            (no cloak)
rCorr   .            (no gloves)
SInv    .            (no boots)
Will    ++...        (no amulet) Stlth
                     n - +6 ring of intelligence
HPRegen 1.25/turn    (no ring)
MPRegen 0.08/turn

%: no passive effects
@: strong-willed, regenerating
A: horns 2, retaliatory headbutt
a: Renounce Religion, Berserk, Trog's Hand


You were on level 3 of the Dungeon.
You worshipped Trog.
Trog was pleased with you.
You visited 1 branch of the dungeon, and saw 3 of its levels.

You collected 143 gold pieces.

Inventory:

Hand Weapons
 a - a +0 hand axe
 m - a +1 mace of holy wrath (weapon)
Missiles
 d - 6 poisoned darts (quivered)
 g - 27 stones
 h - 2 throwing nets
Armour
 j - a +0 ring mail (worn)
Jewellery
 n - a +6 ring of intelligence (left hand)
Scrolls
 c - 3 scrolls of identify {unknown}
 e - a scroll of brand weapon {unknown}
 i - 4 scrolls of blinking {unknown}
 p - a scroll of amnesia {unknown}
Potions
 b - a potion of attraction {unknown}
 f - a potion of resistance {unknown}
 k - a potion of invisibility {unknown}
 l - 2 potions of heal wounds {unknown}
 o - a potion of brilliance {unknown}


   Skills:
 + Level 4.0 Fighting
 + Level 4.4 Axes
 + Level 3.1 Armour
 + Level 2.5 Dodging
 + Level 0.1 Stealth


You had 2 spell levels left.
You didn't know any spells.
Your spell library was empty.

Dungeon Overview and Level Annotations

Branches:
Dungeon (3/15)

Altars:


Innate Abilities, Weirdness & Mutations

You have a pair of horns on your head.
You reflexively headbutt those who attack you in melee.


Message History

No target in view!
Found a whip.
Found a scroll labelled XOZEYZ BIARUA.
You now have 138 gold pieces (gained 7).
o - a dark potion
Found 5 gold pieces.
p - a scroll labelled XOZEYZ BIARUA
Found a scroll labelled KEOTUNT PAUNU.
You now have 143 gold pieces (gained 5).
An orc and an orc wizard come into view.
An orc priest comes into view. It is wielding a +1 dagger of venom.
The orc priest shouts!
You hear a shout!
The orc barely misses you.
The orc wizard hits you but does no damage.
You see here a scroll labelled KEOTUNT PAUNU.
You closely miss the orc wizard.
The orc wizard hits you with a +3 dagger.
The orc barely misses you. You furiously retaliate!
You headbutt the orc!
You kill the orc!
Trog accepts your kill.
You hit the orc wizard.
You headbutt the orc wizard, but do no damage.
The orc wizard is lightly wounded.
The orc wizard barely misses you.
The orc priest mumbles some strange prayers to Beogh against you.
Pain shoots through your body!
Your skin crawls.
You feel strong-willed.
The orc wizard hits you with a +3 dagger.
You barely miss the orc wizard.
The orc wizard is lightly wounded.
The orc wizard hits you with a +3 dagger.
The orc priest casts a cantrip, but nothing happens.
Unknown command.
You closely miss the orc wizard.
The orc wizard is lightly wounded.
The orc wizard hits you with a +3 dagger.
The orc priest invokes the aid of Beogh against you.
Beogh smites you!
You die...

. ###.. .## .... ...
.... ..#### #..##
.....## #..#
#.....#######.#######.
#.....................
#...)....#.##...###..
......##.#.####.@o#
....#.##.#.#
#.o......#
....#..#....
...#....###
.##.#..###.#.........#
..#.#... #.##.##.....#
..#......#.... ...#...
...... .## .#..##.#
###.... .. ###.. .#
......


You could see an orc priest and an orc wizard.

Vanquished Creatures
  An adder (D:3)
  A dart slug (D:2)
  A ribbon worm (D:2)
  An orc (D:3)
  3 bats
  An endoplasm (D:2)
  2 giant cockroaches
  6 goblins
  6 hobgoblins
  A ball python (D:2)
  A frilled lizard (D:1)
  2 kobolds
  A rat (D:1)
  A spectral kobold (D:1)
28 creatures vanquished.

Notes
Turn   | Place    | Note
-------+----------+-------------------------------------------
     0 | D:1      | snetch the Minotaur Berserker began the quest for the Orb.
     0 | D:1      | Reached XP level 1. HP: 19/19 MP: 0/0
   387 | D:1      | Found a faded altar of an unknown god.
   500 | D:1      | Reached XP level 2. HP: 27/27 MP: 1/1
   844 | D:2      | Reached XP level 3. HP: 33/33 MP: 2/2
   964 | D:3      | Reached ** piety under Trog
  1001 | D:3      | Killed from afar by an orc priest

Illustrated notes

Levels and vault maps discovered:
D:1:      minmay_arrival_checkered_box, layout_loops_cross,
          dreamdust_ecumenical_altar_drowned_temple,
          nicolae_twisty_statue_hallways
D:2:      minmay_spotlight, layout_basic, minmay_quadrilaterals
D:3:      layout_rooms, portal_sewer_entry_a

Skill      XL: |  1  2  3 |
---------------+----------+-----
Axes           | 4 |  4.4
Armour         | 3 |  3.1
Fighting       | 4 |  4.0
Dodging        | |  2.5
Stealth        | |  0.1

Action                     || total
---------------------------++-------
  Melee: Hand axe          ||    35
         Headbutt          ||    11
         Mace              ||    22
 Invoke: Trog's Hand       ||     1
 Armour: Ring mail         ||    41
         Animal skin       ||     2
  Dodge: Dodged            ||    33

Table legend: (Time is in decaauts)
 A = Elapsed time spent in this place.
 B = Non-inter-level travel time spent in this place.
 C = Inter-level travel time spent in this place.
 D = Time resting spent in this place.
 E = Time spent auto-exploring this place.
 F = Levels seen in this place.
 G = Mean time per level.
                   A        B        C        D        E       F      G
               +--------+--------+--------+--------+--------+-----+--------+
         Total |   1015 |    978 |     37 |      0 |    576 |   3 |  338.3 |
       Dungeon |   1015 |    978 |     37 |      0 |    576 |   3 |  338.3 |
               +--------+--------+--------+--------+--------+-----+--------+

Top non-repeatable levels by time:
     D:1: 676 daAuts
     D:2: 295 daAuts
     D:3: 44 daAuts
